 Dungeon Crawl Stone Soup version 0.24-a0-462-ge24419a6ad (console) character file.

Game seed: 7410340742865135197

3706 Lexodia the Blocker (level 9, -1/67 HPs)
             Began as a Demonspawn Fighter on July 1, 2019.
             Was a Believer of Nemelex Xobeh.
             Slain by a raiju (5 damage)
             ... on level 9 of the Dungeon.
             The game lasted 00:20:35 (6391 turns).

Lexodia the Blocker (Demonspawn Fighter)            Turns: 6391, Time: 00:20:36

Health: -1/67      AC: 13    Str: 18    XL:     9   Next: 91%
Magic:  13/13      EV:  9    Int: 10    God:    Nemelex Xobeh [**....]
Gold:   465        SH:  6    Dex: 16    Spells: 5/8 levels left

rFire    . . .     SeeInvis +   a - +0 trident
rCold    . . .     Gourm    .   y - +0 buckler
rNeg     . . .     Faith    +   b - +0 scale mail
rPois    .         Spirit   .   D - +2 helmet
rElec    .         Reflect  .   (no cloak)
rCorr    .         Harm     .   (no gloves)
MR       .....                  B - +0 pair of boots
Stlth    ..........             l - amulet of faith
HPRegen  0.21/turn              h - ring of see invisible
MPRegen  0.13/turn              C - ring of wizardry

@: no status effects
A: rugged brown scales 2, agile 1, blink, blurry vision 1, demonic guardian 1,
powered by death 1, screaming 1
a: Blink, Draw Escape, Draw Destruction, Draw Summoning, Renounce Religion


You were on level 9 of the Dungeon.
You worshipped Nemelex Xobeh.
Nemelex Xobeh was pleased with you.
You were not hungry.

You visited 2 branches of the dungeon, and saw 10 of its levels.

You collected 465 gold pieces.

Inventory:

Hand Weapons
 a - a +0 trident (weapon)
 p - a cursed +0 hand axe
Armour
 b - a +0 scale mail (worn)
 c - a +0 shield
 y - a +0 buckler (worn)
 B - a +0 pair of boots (worn)
 D - a +2 helmet (worn)
Jewellery
 h - a ring of see invisible (left hand)
 l - an amulet of faith (around neck)
 r - an uncursed amulet of rage
 u - a +4 amulet of reflection
 C - a ring of wizardry (right hand)
 G - an uncursed ring of flight
Wands
 w - a wand of random effects (15)
Scrolls
 e - a scroll of remove curse
 m - a scroll of enchant armour
 n - 4 scrolls of teleportation
 o - 2 scrolls of fear
 s - a scroll of magic mapping
 t - a scroll of blinking
 v - a scroll of amnesia {unknown}
 A - a scroll of summoning
 H - a scroll of fog
 I - a scroll of enchant weapon {unknown}
Potions
 d - 3 potions of might
 g - 3 potions of lignification
 q - a potion of brilliance {unknown}
 x - a potion of flight {unknown}
 z - a potion of agility {unknown}
 E - a potion of heal wounds {unknown}
 F - a potion of haste {unknown}
Comestibles
 f - 18 rations
 J - 2 chunks of flesh


   Skills:
 - Level 3.2 Fighting
 * Level 8.5 Polearms
 - Level 3.0 Armour
 * Level 8.8 Shields
 - Level 2.0 Charms
 - Level 2.1 Necromancy
 * Level 5.3 Invocations
 - Level 2.0 Evocations


You had 5 spell levels left.
You knew the following spells:

 Your Spells              Type           Power        Failure   Level  Hunger
a - Regeneration          Chrm/Necr      #.........   50%         3    ####...

Your spell library contained the following spells:

 Spells                   Type           Power        Failure   Level  Hunger
 Infusion                 Chrm           #...         21%         1    ##.....
 Song of Slaying          Chrm           #.......     30%         2    ###....
 Beastly Appendage        Tmut           #.....       41%         1    ##.....
 Shroud of Golubria       Chrm/Tloc      #.....       41%         2    ###....
 Sticks to Snakes         Tmut           #.......     54%         2    ###....
 Spectral Weapon          Hex/Chrm       #.......     65%         3    ####...
 Spider Form              Tmut/Pois      #.........   77%         3    ####...
 Ice Form                 Ice/Tmut       #.......     98%         4    #####..
 Blade Hands              Tmut           #.........   100%        5    ######.


Dungeon Overview and Level Annotations

Branches:
Dungeon (9/15)             Temple (1/1) D:6
   Lair: D:8-11         Orc: D:9-12

Altars:
Ashenzari
Cheibriados
Dithmenos
Elyvilon
Fedhas
Gozag
Hepliaklqana
Kikubaaqudgha
Makhleb
Nemelex Xobeh
Okawaru
Qazlal
Ru
Sif Muna
Trog
Uskayaw
Vehumet
Wu Jian
Xom
Yredelemnul
Zin
The Shining One


Innate Abilities, Weirdness & Mutations

You are mostly covered in rugged brown scales. (AC +2, +5% HP)
A weak demonic guardian rushes to your aid.
You regenerate a little health from kills.
You are agile. (Dex +2)
You can translocate small distances at will.
Scrolls take you a little longer to read.
You occasionally shout uncontrollably at your foes.


Message History

The iguana evaporates and reforms as a river rat!
The river rat twists and deforms.
You draw a card...
You have drawn Wild Magic.
Wisps of smoke drift from the raiju's front paws.
The river rat is caught in an explosion of flying shrapnel!
The explosion engulfs the river rat!!
The river rat dies!
The explosion engulfs the raiju!!
You feel a surge of magic.
The raiju bursts into living lightning!
The living lightning hits you!
* * * LOW HITPOINT WARNING * * *
The raiju blinks!
Huge Dmg: -19%(-13hp) hp: 8%(5hp)
You hit the raiju.
The raiju is almost dead.
The raiju bites you.
* * * LOW HITPOINT WARNING * * *
The raiju shocks you.
You die...
Your body disappears without a glow.

#. ... .. .##.# ###.#
..#.# #...# #.#.# %..
#.#.# #+# ... ##.#<# #.#
#.# .....# ###.# #.#
##!### #...########.#
.....### #...h@.......#
.#.....#####.....########
.###.#..........##
.###.#########.## .....#
### ######


You could see a raiju.

Vanquished Creatures
  The ghost of Masnef the Firebug, a novice DEFE of Sif Muna (D:6)
  Grinder (D:5)
  4 yaks (D:7)
  A hungry ghost (D:7)
  Eustachio (D:5)
  Menkaure (D:7)
  Duvessa (D:5)
  A black bear (D:7)
  2 eyes of draining (D:4)
  2 sky beasts
  A phantom (D:6)
  A centaur (D:7)
  2 bullfrogs (D:7)
  Dowan (D:5)
  3 scorpions
  3 killer bees (D:7)
  2 howler monkeys
  5 crimson imps
  2 orc priests (D:4)
  Crazy Yiuf (D:3)
  2 hounds
  2 jellies
  3 orc wizards
  2 bullfrog skeletons
  2 iguanas
  6 worker ants
  A hound zombie (D:7)
  A hound skeleton (D:9)
  5 gnolls
  2 howler monkey skeletons (D:7)
  6 adders
  2 shadow imps
  An ooze (D:3)
  A worm (D:3)
  5 dart slugs
  4 leopard geckos
  12 orcs
  7 giant cockroaches
  6 goblins
  5 hobgoblins
  12 jackals
  2 quokkas (D:3)
  2 ball pythons (D:3)
  12 bats
  2 frilled lizards
  9 kobolds
  A quokka zombie (D:7)
  8 rats
159 creatures vanquished.

Vanquished Creatures (collateral kills)
  An ice beast (D:7)
  A necrophage (D:8)
  A killer bee (D:7)
  A howler monkey (D:5)
  A quasit (D:7)
  An orc priest (D:5)
  A worker ant (D:4)
  An adder zombie (D:5)
  9 orcs
  A jackal skeleton (D:4)
18 creatures vanquished.

Vanquished Creatures (others)
  A river rat (D:9)
1 creature vanquished.

Grand Total: 178 creatures vanquished

Notes
Turn   | Place    | Note
-------+----------+-------------------------------------------
     0 | D:1      | Lexodia the Demonspawn Fighter began the quest for the Orb.
     0 | D:1      | Reached XP level 1. HP: 18/18 MP: 1/1
   169 | D:1      | Huge Dmg: 4 dmg
   176 | D:1      | Huge Dmg: 3 dmg
   177 | D:1      | Gained mutation: You are partially covered in rugged brown
                  | scales. (AC +1, +3% HP) [demonic ancestry]
   177 | D:1      | Reached XP level 2. HP: 10/24 MP: 2/2
   296 | D:1      | Huge Dmg: 8 dmg
   569 | D:1      | Reached XP level 3. HP: 27/29 MP: 3/3
   976 | D:3      | Found a runed translucent door.
   977 | D:3      | Noticed Crazy Yiuf
   985 | D:3      | Huge Dmg: 13 dmg
   985 | D:3      | Killed Crazy Yiuf
   985 | D:3      | Gained mutation: You regenerate a little health from kills.
                  | [demonic ancestry]
   985 | D:3      | Reached XP level 4. HP: 15/36 MP: 4/4
  1150 | D:3      | Found a shattered altar of Ashenzari.
  1369 | D:4      | Huge Dmg: 16 dmg
  1374 | D:4      | Noticed an eye of draining
  1375 | D:4      | Found a bloodstained altar of Trog.
  1375 | D:4      | Noticed an eye of draining
  1388 | D:4      | Killed an eye of draining
  1388 | D:4      | Reached XP level 5. HP: 42/42 MP: 0/5
  1396 | D:4      | Killed an eye of draining
  1396 | D:4      | Gained mutation: A weak demonic guardian rushes to your
                  | aid. [demonic ancestry]
  1396 | D:4      | Reached XP level 6. HP: 48/48 MP: 0/6
  1483 | D:4      | Found a glowing golden altar of the Shining One.
  1553 | D:4      | Reached skill level 5 in Shields
  1650 | D:4      | Found a stormy altar of Qazlal.
  1660 | D:4      | Huge Dmg: 11 dmg
  1662 | D:4      | Huge Dmg: 14 dmg
  1673 | D:4      | Huge Dmg: 7 dmg
  1681 | D:4      | Found a sacrificial altar of Ru.
  1682 | D:4      | Huge Dmg: 8 dmg
  1682 | D:4      | Found a shadowy altar of Dithmenos.
  1682 | D:4      | Found an ornate altar of the Wu Jian Council.
  1698 | D:4      | Found an ancient bone altar of Kikubaaqudgha.
  1816 | D:4      | Huge Dmg: 11 dmg
  1821 | D:4      | Gained mutation: You are mostly covered in rugged brown
                  | scales. (AC +2, +5% HP) [demonic ancestry]
  1821 | D:4      | Reached XP level 7. HP: 40/54 MP: 7/7
  1822 | D:4      | Reached skill level 5 in Polearms
  1829 | D:4      | Huge Dmg: 12 dmg
  1999 | D:5      | Entered Level 5 of the Dungeon
  2093 | D:5      | Noticed Duvessa
  2097 | D:5      | Noticed Dowan
  2098 | D:5      | Noticed Eustachio
  2104 | D:5      | Huge Dmg: 17 dmg
  2109 | D:5      | Killed Duvessa
  2114 | D:5      | Killed Eustachio
  2117 | D:5      | Huge Dmg: 21 dmg
  2122 | D:5      | Killed Dowan
  2169 | D:5      | Found a shattered altar of Ashenzari.
  2188 | D:5      | Noticed Grinder
  2207 | D:5      | Reached XP level 8. HP: 60/60 MP: 8/8
  2212 | D:5      | Huge Dmg: 21 dmg
  2267 | D:5      | Killed Grinder
  2274 | D:5      | Huge Dmg: 30 dmg
  2957 | D:6      | Found a runed translucent gate.
  2958 | D:6      | Found a runed translucent gate.
  2958 | D:6      | Noticed Masnef's ghost (novice DEFE)
  2959 | D:6      | Found a runed translucent gate.
  2980 | D:6      | Killed Masnef's ghost
  2986 | D:6      | Huge Dmg: 27 dmg
  3061 | D:6      | Huge Dmg: 30 dmg
  3093 | D:6      | Found a staircase to the Ecumenical Temple.
  3101 | Temple   | Entered the Ecumenical Temple
  3303 | Temple   | Became a worshipper of Nemelex Xobeh the Trickster
  3568 | D:3      | Huge Dmg: 30 dmg
  3580 | D:3      | Received a gift from Nemelex Xobeh
  4337 | D:7      | Learned a level 3 spell: Regeneration
  4346 | D:7      | Reached skill level 1 in Invocations
  4362 | D:7      | Reached XP level 9. HP: 67/67 MP: 6/9
  4744 | D:7      | Huge Dmg: 14 dmg
  4756 | D:7      | Reached skill level 1 in Evocations
  4777 | D:7      | Reached skill level 1 in Necromancy
  4782 | D:7      | Huge Dmg: 14 dmg
  4841 | D:7      | Reached * piety under Nemelex Xobeh
  4862 | D:7      | Reached skill level 1 in Charms
  4987 | D:7      | Huge Dmg: 10 dmg
  5160 | D:7      | Noticed Menkaure
  5168 | D:7      | Huge Dmg: 26 dmg
  5169 | D:7      | Huge Dmg: 9 dmg
  5170 | D:7      | Huge Dmg: 6 dmg
  5170 | D:7      | Killed Menkaure
  5183 | D:7      | Huge Dmg: 9 dmg
  5187 | D:7      | Huge Dmg: 4 dmg
  5579 | D:7      | Found a snail-covered altar of Cheibriados.
  5753 | D:8      | Reached skill level 5 in Invocations
  5816 | D:8      | Received a gift from Nemelex Xobeh
  5856 | D:8      | Reached ** piety under Nemelex Xobeh
  6151 | D:8      | Huge Dmg: 14 dmg
  6341 | D:9      | Gained mutation: Scrolls take you a little longer to read.
                  | [potion of mutation]
  6341 | D:9      | Gained mutation: Your flesh is cold resistant. (rC+)
                  | [potion of mutation]
  6341 | D:9      | Gained mutation: You can translocate small distances at
                  | will. [potion of mutation]
  6342 | D:9      | Lost mutation: Your flesh is cold resistant. (rC+) [potion
                  | of mutation]
  6342 | D:9      | Gained mutation: You occasionally shout uncontrollably at
                  | your foes. [potion of mutation]
  6342 | D:9      | Gained mutation: You are agile. (Dex +2) [potion of
                  | mutation]
  6367 | D:9      | Noticed a troll
  6376 | D:9      | Huge Dmg: 13 dmg
  6382 | D:9      | Huge Dmg: 22 dmg
  6389 | D:9      | a troll changed into a raiju
  6391 | D:9      | Huge Dmg: 13 dmg
  6391 | D:9      | Slain by a raiju

Levels and vault maps discovered:
D:1:      dpeg_arrival_lava_temple_mockup, layout_loops_cross, nrook_mini_vaults
D:2:      layout_basic
D:3:      minmay_chambers_of_threes, layout_rooms,
          lemuel_coloured_pillars_altar, first_ration, minmay_crystal_room,
          uniq_crazy_yiuf_cottage
D:4:      layout_gridville, trog_eyes_of_draining, grunt_temple_overflow_open,
          lemuel_tele_altar
D:5:      layout_loops_ring, basic_altar, kennysheep_generic_room_10,
          uniq_duvessa, uniq_grinder, uniq_eustachio
D:6:      layout_loops_cross, minmay_temple_entry_ruins,
          ebering_ghost_rock_garden
D:7:      layout_loops_ring, basic_altar, minmay_misc_feat_enclosed,
          uniq_menkaure
D:8:      layout_basic
D:9:      layout_loops_corners, zombieorc1_lemuel, the_bakery
Temple:   regret_index_temple_generic_petals

Skill      XL: |  1  2  3  4  5  6  7  8  9 |
---------------+----------------------------+-----
Polearms       | 2 3 4 6 7 8 |  8.5
Armour         | 3 |  3.0
Shields        | 3 4 5 6 7 8 |  8.8
Invocations    | 1 5 |  5.3
Evocations     | 2 |  2.0
Necromancy     | 2 |  2.1
Charms         | 2 |  2.0
Fighting       | |  3.2

Action                   |  1- 3 |  4- 6 |  7- 9 || total
-------------------------+-------+-------+-------++-------
Melee: Trident           |   141 |   113 |   509 ||   763
 Cast: Regeneration      |       |       |     3 ||     3
 Abil: Evoke Berserk Rag |       |     3 |     6 ||     9
       Draw Destruction  |       |       |     4 ||     4
  Use: Scroll            |       |       |    15 ||    15
       Potion            |       |       |     2 ||     2
 Stab: Distracted        |       |       |     2 ||     2
  Eat: Chunk             |     1 |     4 |    24 ||    29
Armor: Scale mail        |   101 |    46 |   159 ||   306
Dodge: Dodged            |    45 |    55 |   142 ||   242
Block: Shield            |    91 |       |       ||    91
       Buckler           |       |    31 |   114 ||   145

Table legend:
 A = Non-vault XP
 B = Vault XP
 C = Vault XP percentage of total XP
 D = Non-vault monster count
 E = Vault monster count
 F = Vault count percentage of total count
                 A         B        C        D         E       F
            +---------+---------+-------+---------+---------+-------
      Total |    3844 |    1451 |  27.4 |     155 |      23 |  12.9
            +---------+---------+-------+---------+---------+-------
        D:1 |      46 |       0 |   0.0 |      26 |       0 |   0.0
        D:2 |      18 |       0 |   0.0 |       3 |       0 |   0.0
        D:3 |      69 |      88 |  56.1 |      23 |      13 |  36.1
        D:4 |     385 |     248 |  39.2 |      25 |       4 |  13.8
        D:5 |     561 |     657 |  53.9 |      24 |       4 |  14.3
        D:6 |     391 |     286 |  42.2 |      13 |       1 |   7.1
        D:7 |    1902 |     172 |   8.3 |      32 |       1 |   3.0
        D:8 |     440 |       0 |   0.0 |       7 |       0 |   0.0
        D:9 |      32 |       0 |   0.0 |       2 |       0 |   0.0
            +---------+---------+-------+---------+---------+-------
